 Dungeon Crawl Stone Soup version 0.20.0-15-g7f486f2 (webtiles) character file.

23 blackwizard the Caller (level 2, 0/24 HPs)
             Began as a Troll Summoner on June 9, 2017.
             Was an Initiate of the Shining One.
             Slain by a jackal (2 damage)
             ... on level 2 of the Dungeon.
             The game lasted 00:07:06 (1099 turns).

blackwizard the Caller (Troll Summoner)             Turns: 1099, Time: 00:07:07

Health: 0/24       AC:  5    Str: 15    XL:     2   Next: 72%
Magic:  2/3        EV: 10    Int: 11    God:    the Shining One [......]
Gold:   42         SH:  0    Dex: 10    Spells: 2/3 levels left

rFire    . . .     SeeInvis .   d - +0 short sword
rCold    . . .     Gourm    +   (no shield)
rNeg     + . .     Faith    .   a - +0 robe
rPois    .         Spirit   .   (helmet restricted)
rElec    .         Reflect  .   (no cloak)
rCorr    .         Harm     .   (gloves unavailable)
MR       .....                  (boots unavailable)
Stlth    +.........             (no amulet)
Regen    0.5/turn               e - ring of positive energy
MPRegen  0.1/turn               (no ring)

@: very slightly contaminated, glowing
A: unfitting armour, claws 3, fast metabolism 3, gourmand, regeneration 1,
shaggy fur 1, tough skin 2
a: Renounce Religion


You were on level 2 of the Dungeon.
You worshipped the Shining One.
The Shining One was noncommittal.
You were hungry.

You visited 1 branch of the dungeon, and saw 2 of its levels.

You collected 42 gold pieces.

Inventory:

Hand Weapons
 d - a +0 short sword (weapon)
 o - a +1 dagger of speed
 q - a +0 whip
 s - a +0 long sword
Missiles
 r - 2 stones (quivered)
Armour
 a - a +0 robe (worn)
 g - a cursed +0 ring mail
Jewellery
 e - a ring of positive energy (left claw)
Scrolls
 h - 3 scrolls of identify {unknown}
 k - a scroll of enchant armour {unknown}
 t - a scroll of magic mapping {unknown}
Potions
 f - a potion of curing {unknown}
 j - a potion of resistance
 l - a potion of brilliance {unknown}
 m - a potion of mutation {unknown}
 n - a potion of flight {unknown}
Books
 b - a book of Callings

   Spells                             Type                      Level
   a - Summon Small Mammal            Summoning                    1
   b - Call Imp                       Summoning                    2
   c - Call Canine Familiar           Summoning                    3
   d - Summon Guardian Golem          Hexes/Summoning              3
   e - Summon Lightning Spire         Summoning/Air                4
   f - Summon Ice Beast               Ice/Summoning                4
Comestibles
 c - 3 bread rations
 i - 3 chunks of flesh
 p - a fruit


   Skills:
 + Level 0.1 Fighting
 + Level 0.7 Short Blades
 + Level 1.7 Dodging
 + Level 1.0 Stealth
 + Level 1.4 Spellcasting
 + Level 3.2 Summonings


You had 2 spell levels left.
You knew the following spells:

 Your Spells              Type           Power        Failure   Level  Hunger
a - Summon Small Mammal   Summ           #...         9%          1    ##.....


Dungeon Overview and Level Annotations

Branches:
Dungeon (2/15)

Altars:
Elyvilon
Zin
The Shining One


Innate Abilities, Weirdness & Mutations

You are too large for most types of armour.
You have claws for hands.
Your metabolism is lightning-fast.
You like to eat raw meat.
Your natural rate of healing is unusually fast.
You are covered in fur. (AC +1)
You have very tough skin. (AC +2)


Message History

* * * LOW HITPOINT WARNING * * *
The jackal barely misses you.
The jackal bites you but does no damage.
The leopard gecko barely misses you. The jackal closely misses you.
Casting: Summon Small Mammal
Confirm with . or Enter, or press ? or * to list all spells.
You miscast Summon Small Mammal.
You are very lightly contaminated with residual magic.
Nothing appears to happen.
The jackal bites you.
* * * LOW HITPOINT WARNING * * *
The jackal bites you but does no damage.
The jackal barely misses you.
The jackal bites you but does no damage.
The leopard gecko bites you but does no damage.
The jackal closely misses you. The jackal misses you.
The jackal bites you but does no damage.
You barely miss the jackal. The jackal barely misses you.
The jackal bites you but does no damage. x3
You barely miss the jackal. The jackal barely misses you. The jackal bites you.
You die...

#....# #......♣
..♣ ###).#
#....♣.♣♣♣P♣P♣♣
#_#..#
#####.♣♣P.P...♣♣
##.'..#####
#♣...♣♣♣♣♣♣P
#8_'......#
#♣P...♣.♣P♣
##.'......#
#P...♣.P.♣.
#_#......#
#.#P♣♣♣♣♣..P
###....hh# ###P.
♣P.♣♣. #.....wh@#
#♣.♣PPP .♣
########......lh#
P..P♣..
#...............#
♣.P.♣..P.
#.........#...###
.♣♣..♣..♣
#.........#...#
P.....
#.........#...# ♣
.P
#.........##....
#.........##.....
##.........#
.....


You could see a worm, a leopard gecko and 4 jackals.

Vanquished Creatures
  A giant cockroach (D:1)
  2 goblins (D:1)
  4 hobgoblins
  A kobold (D:2)
  A bat (D:2)
  A frilled lizard (D:1)
  2 rats
  A plant (D:2)
13 creatures vanquished.

Vanquished Creatures (collateral kills)
  An ooze (D:2)
  A bat (D:2)
  A goblin (D:2)
  A kobold (D:2)
  A quokka (D:2)
  2 frilled lizards
  A rat (D:1)
8 creatures vanquished.

Grand Total: 21 creatures vanquished

Notes
Turn   | Place    | Note
-------+----------+-------------------------------------------
     0 | D:1      | blackwizard the Troll Summoner began the quest for the Orb.
     0 | D:1      | Reached XP level 1. HP: 16/16 MP: 1/1
   326 | D:1      | Reached skill level 3 in Summonings
   548 | D:1      | Reached XP level 2. HP: 24/24 MP: 0/2
  1007 | D:2      | Found a white marble altar of Elyvilon.
  1007 | D:2      | Found a glowing silver altar of Zin.
  1007 | D:2      | Found a glowing golden altar of the Shining One.
  1024 | D:2      | Became a worshipper of the Shining One
  1096 | D:2      | HP: 1/24 [jackal (2)]
  1099 | D:2      | Slain by a jackal

Skill      XL: |  1 |
---------------+----+-----
Summonings     | 3 |  3.2
Fighting       | |  0.1
Short Blades   | |  0.7
Dodging        | |  1.7
Stealth        | |  1.0
Spellcasting   | |  1.4

Action                   || total
-------------------------++-------
Melee: Short sword       ||   134
 Cast: Summon Small Mamm ||    23
  Eat: Chunk             ||     3
       Bread ration      ||     1
Armor: Robe              ||    64
Dodge: Dodged            ||   101
